| TOP OF THE 1ST |
|
Winter Haven Sun Sox batting - Pitching for Daytona Beach Islanders : LHP Richard Herendeen
|
|
Pitching: LHP Richard Herendeen
|
|
|
Batting: LHB Don Carter
|
0-0: Called Strike 0-1: Ground out 4-3 (Groundball, 4M, EV 102.5 MPH)
|
|
Batting: RHB Takashi Upshur
|
0-0: SOLO HOME RUN (Flyball, 7D, EV 108.8 MPH), Distance : 370 ft
|
|
Batting: RHB Augie Schmidt
|
0-0: Ball 1-0: Called Strike 1-1: Called Strike 1-2: Foul Ball, location: 2F 1-2: Foul Ball, location: 2F 1-2: Ball 2-2: Foul Ball, location: 2F 2-2: Foul Ball, location: 2F 2-2: DOUBLE (Flyball, 78D, EV 100.6 MPH)
|
|
Batting: RHB Michael Rupp
|
0-0: Foul Ball, location: 2F 0-1: Foul Ball, location: 2F 0-2: Ground out 6-3 (Groundball, 6, EV 77.5 MPH) Augie Schmidt to third
|
|
Batting: RHB Stephen Rhodes
|
0-0: Called Strike 0-1: Ball 1-1: Called Strike 1-2: Ball 2-2: Foul Ball, location: 2F 2-2: Fly out, F3 (Popup, 3SF, EV 73.1 MPH)
|
| Top of the 1st over - 1 run, 2 hits, 0 errors, 1 left on base; Winter Haven 1 - Daytona Beach 0 |
| BOTTOM OF THE 1ST |
|
Daytona Beach Islanders batting - Pitching for Winter Haven Sun Sox : RHP Camila Estado
|
|
Pitching: RHP Camila Estado
|
|
|
Batting: SHB Michael Frierson
|
0-0: Foul Ball, location: 2F 0-1: Foul Ball, location: 2F 0-2: Ball 1-2: Fly out, F8 (Flyball, 8RS, EV 93.8 MPH)
|
|
Batting: RHB Kalvin Adams
|
0-0: Foul Ball, location: 2F 0-1: Fly out, F8 (Flyball, 8LD, EV 101.9 MPH)
|
|
Batting: LHB Benny Distefano
|
0-0: Ball 1-0: Fly out, F8 (Flyball, 8LXD, EV 101.3 MPH)
|
| Bottom of the 1st over - 0 runs, 0 hits, 0 errors, 0 left on base; Winter Haven 1 - Daytona Beach 0 |
| TOP OF THE 2ND |
|
Winter Haven Sun Sox batting - Pitching for Daytona Beach Islanders : LHP Richard Herendeen
|
|
Batting: RHB Domingo Ramos
|
0-0: Ground out 5-3 (Groundball, 56S, EV 82.5 MPH)
|
|
Batting: RHB Tim Carroll
|
0-0: Ball 1-0: Fly out, F9 (Line Drive, 9, EV 94.4 MPH)
|
|
Batting: RHB Jose Marcano
|
0-0: Foul Ball, location: 2F 0-1: Ball 1-1: Swinging Strike 1-2: Strikes out swinging
|
| Top of the 2nd over - 0 runs, 0 hits, 0 errors, 0 left on base; Winter Haven 1 - Daytona Beach 0 |
| BOTTOM OF THE 2ND |
|
Daytona Beach Islanders batting - Pitching for Winter Haven Sun Sox : RHP Camila Estado
|
|
Batting: RHB Douglas Wabeke
|
0-0: Ground out 4-3 (Groundball, 4, EV 87.5 MPH)
|
|
Batting: RHB Gary Kempton
|
0-0: Ball 1-0: Swinging Strike 1-1: Fly out, F8 (Line Drive, 8LD, EV 93.1 MPH)
|
|
Batting: RHB Jeff Rutledge
|
0-0: Ball 1-0: Ball 2-0: Ball 3-0: Called Strike 3-1: Foul Ball, location: 2F 3-2: Ground out 6-3 (Groundball, 6, EV 92.5 MPH)
|
| Bottom of the 2nd over - 0 runs, 0 hits, 0 errors, 0 left on base; Winter Haven 1 - Daytona Beach 0 |
| TOP OF THE 3RD |
|
Winter Haven Sun Sox batting - Pitching for Daytona Beach Islanders : LHP Richard Herendeen
|
|
Batting: RHB Sam Sorce
|
0-0: Foul Ball, location: 2F 0-1: Ball 1-1: Ball 2-1: Ball 3-1: Foul Ball, location: 2F 3-2: Strikes out swinging
|
|
Batting: LHB Don Carter
|
0-0: Ball 1-0: Foul Ball, location: 2F 1-1: Ball 2-1: Ball 3-1: Ground out U3 (Groundball, 3, EV 88.1 MPH)
|
|
Batting: RHB Takashi Upshur
|
0-0: Called Strike 0-1: Called Strike 0-2: Ball 1-2: Ball 2-2: Strikes out looking
|
| Top of the 3rd over - 0 runs, 0 hits, 0 errors, 0 left on base; Winter Haven 1 - Daytona Beach 0 |
| BOTTOM OF THE 3RD |
|
Daytona Beach Islanders batting - Pitching for Winter Haven Sun Sox : RHP Camila Estado
|
|
Batting: RHB Francisco Gonzalez
|
0-0: Foul Ball, location: 2F 0-1: Swinging Strike 0-2: Strikes out swinging
|
|
Batting: RHB Jeffrey Coker
|
0-0: Ball 1-0: DOUBLE (Line Drive, 8RD, EV 98.1 MPH)
|
|
Batting: RHB Robert Whitfield
|
0-0: Ball 1-0: Called Strike 1-1: Called Strike 1-2: Fly out, F8 (Flyball, 8LM, EV 82.5 MPH)
|
|
Batting: SHB Michael Frierson
|
0-0: Called Strike 0-1: Ball 1-1: Ball 2-1: Foul Ball, location: 2F 2-2: Foul Ball, location: 2F 2-2: Ball 3-2: Ground out 4-3 (Groundball, 4, EV 88.8 MPH)
|
| Bottom of the 3rd over - 0 runs, 1 hit, 0 errors, 1 left on base; Winter Haven 1 - Daytona Beach 0 |
| TOP OF THE 4TH |
|
Winter Haven Sun Sox batting - Pitching for Daytona Beach Islanders : LHP Richard Herendeen
|
|
Batting: RHB Augie Schmidt
|
0-0: Ball 1-0: SINGLE (Groundball, 56, EV 101.3 MPH)
|
|
Batting: RHB Michael Rupp
|
0-0: Called Strike Augie Schmidt is caught stealing 2nd base 2-4 0-1: Ball 1-1: Called Strike 1-2: Foul Ball, location: 2F 1-2: Fly out, F8 (Flyball, 89D, EV 100.6 MPH)
|
|
Batting: RHB Stephen Rhodes
|
0-0: Ball 1-0: Ball 2-0: Called Strike 2-1: Foul Ball, location: 2F 2-2: Ball 3-2: Foul Ball, location: 2F 3-2: SINGLE (Groundball, 56D, EV 103.8 MPH)
|
|
Batting: RHB Domingo Ramos
|
0-0: Ground out 5-3 (Groundball, 56S, EV 85.6 MPH)
|
| Top of the 4th over - 0 runs, 2 hits, 0 errors, 1 left on base; Winter Haven 1 - Daytona Beach 0 |
| BOTTOM OF THE 4TH |
|
Daytona Beach Islanders batting - Pitching for Winter Haven Sun Sox : RHP Camila Estado
|
|
Batting: RHB Kalvin Adams
|
0-0: Called Strike 0-1: Swinging Strike 0-2: Ball 1-2: SINGLE (Line Drive, 7S, EV 110.6 MPH)
|
|
Batting: LHB Benny Distefano
|
0-0: Ball 1-0: Ball 2-0: SINGLE (Line Drive, 34D, EV 98.8 MPH) Kalvin Adams to second Runner from 2nd tries for 3rd, SAFE, throw by RF made to third
|
|
Batting: RHB Douglas Wabeke
|
0-0: Ball 1-0: Ball 2-0: Foul Ball, location: 2F 2-1: Ball 3-1: Base on Balls Benny Distefano to second
|
|
Batting: RHB Gary Kempton
|
0-0: Ball 1-0: Foul Ball, location: 2F 1-1: Foul Ball, location: 2F 1-2: Ball 2-2: Ball 3-2: Base on Balls Kalvin Adams scores Benny Distefano to third Douglas Wabeke to second
|
|
Batting: RHB Jeff Rutledge
|
0-0: Ball 1-0: SINGLE (Line Drive, 4MD, EV 98.8 MPH) Benny Distefano scores Douglas Wabeke to third Gary Kempton to second
|
|
Batting: RHB Francisco Gonzalez
|
0-0: Called Strike 0-1: Fly out, F6 (Popup, P, EV 78.1 MPH)
|
|
Batting: RHB Jeffrey Coker
|
0-0: Ball 1-0: DOUBLE (Flyball, 8LXD, EV 95.0 MPH) Douglas Wabeke scores Gary Kempton scores Jeff Rutledge to third Runner from 3rd tries for Home, SAFE, no throw by CF
|
|
Batting: RHB Robert Whitfield
|
0-0: Foul Ball, location: 2F 0-1: Foul Ball, location: 2F 0-2: DOUBLE (Line Drive, 9LS, EV 91.3 MPH) Jeffrey Coker scores
|
|
Pitching: RHP Luis Soriano
|
|
|
Batting: SHB Michael Frierson
|
0-0: Ball 1-0: Fly out, F7 (Flyball, 7LM, EV 105.0 MPH)
|
|
Batting: RHB Kalvin Adams
|
0-0: Ball 1-0: Ball 2-0: Foul Ball, location: 2F 2-1: SINGLE (Line Drive, 56D, EV 107.5 MPH) Robert Whitfield to third Runner from 3rd tries for Home, throw by LF and OUT! 7-2
|
| Bottom of the 4th over - 6 runs, 6 hits, 0 errors, 1 left on base; Winter Haven 1 - Daytona Beach 6 |
| TOP OF THE 5TH |
|
Winter Haven Sun Sox batting - Pitching for Daytona Beach Islanders : LHP Richard Herendeen
|
|
Batting: RHB Tim Carroll
|
0-0: Called Strike 0-1: Fly out, F7 (Flyball, 7D, EV 100.6 MPH)
|
|
Batting: RHB Jose Marcano
|
0-0: Ground out 4-3 (Groundball, 34, EV 105.6 MPH)
|
|
Batting: RHB Sam Sorce
|
0-0: Ground out 6-3 (Groundball, 6, EV 85.0 MPH)
|
| Top of the 5th over - 0 runs, 0 hits, 0 errors, 0 left on base; Winter Haven 1 - Daytona Beach 6 |
| BOTTOM OF THE 5TH |
|
Daytona Beach Islanders batting - Pitching for Winter Haven Sun Sox : RHP Luis Soriano
|
|
Batting: LHB Benny Distefano
|
0-0: Called Strike 0-1: Foul Ball, location: 2F 0-2: Strikes out swinging
|
|
Batting: RHB Douglas Wabeke
|
0-0: Called Strike 0-1: Ball 1-1: Called Strike 1-2: Foul Ball, location: 2F 1-2: Ball 2-2: Foul Ball, location: 2F 2-2: Foul Ball, location: 2F 2-2: Foul Ball, location: 2F 2-2: Strikes out swinging
|
|
Batting: RHB Gary Kempton
|
0-0: Ball 1-0: Fly out, F8 (Line Drive, 8RD, EV 91.3 MPH)
|
| Bottom of the 5th over - 0 runs, 0 hits, 0 errors, 0 left on base; Winter Haven 1 - Daytona Beach 6 |
| TOP OF THE 6TH |
|
Winter Haven Sun Sox batting - Pitching for Daytona Beach Islanders : LHP Richard Herendeen
|
|
Batting: LHB Don Carter
|
0-0: Ball 1-0: Called Strike 1-1: Ground out 4-3 (Groundball, 4S, EV 69.4 MPH)
|
|
Batting: RHB Takashi Upshur
|
0-0: Ball 1-0: Ground out U3 (Groundball, 13, EV 88.1 MPH)
|
|
Batting: RHB Augie Schmidt
|
0-0: Ball 1-0: Ball 2-0: Ball 3-0: Base on Balls
|
|
Batting: RHB Michael Rupp
|
0-0: Called Strike 0-1: Foul Ball, location: 2F 0-2: Hit by Pitch Augie Schmidt to second
|
|
Batting: RHB Stephen Rhodes
|
0-0: Called Strike 0-1: Ground out 1-3 (Groundball, 13S, EV 75.0 MPH)
|
| Top of the 6th over - 0 runs, 0 hits, 0 errors, 2 left on base; Winter Haven 1 - Daytona Beach 6 |
| BOTTOM OF THE 6TH |
|
Daytona Beach Islanders batting - Pitching for Winter Haven Sun Sox : RHP Luis Soriano
|
|
Batting: RHB Jeff Rutledge
|
0-0: Called Strike 0-1: Ball 1-1: Foul Ball, location: 2F 1-2: Strikes out swinging
|
|
Batting: RHB Francisco Gonzalez
|
0-0: Ball 1-0: Called Strike 1-1: Called Strike 1-2: Strikes out swinging
|
|
Batting: RHB Jeffrey Coker
|
0-0: Fly out, F4 (Popup, 4S, EV 75.6 MPH)
|
| Bottom of the 6th over - 0 runs, 0 hits, 0 errors, 0 left on base; Winter Haven 1 - Daytona Beach 6 |
| TOP OF THE 7TH |
|
Winter Haven Sun Sox batting - Pitching for Daytona Beach Islanders : LHP Richard Herendeen
|
|
Batting: RHB Domingo Ramos
|
0-0: Swinging Strike 0-1: Fly out, F7 (Flyball, 7LS, EV 92.5 MPH)
|
|
Batting: RHB Tim Carroll
|
0-0: Ball 1-0: Foul Ball, location: 2F 1-1: Ball 2-1: Ground out 6-3 (Groundball, 6, EV 85.0 MPH)
|
|
Batting: RHB Jose Marcano
|
0-0: Ball 1-0: Ground out 6-3 (Groundball, 6, EV 109.4 MPH)
|
| Top of the 7th over - 0 runs, 0 hits, 0 errors, 0 left on base; Winter Haven 1 - Daytona Beach 6 |
| BOTTOM OF THE 7TH |
|
Daytona Beach Islanders batting - Pitching for Winter Haven Sun Sox : RHP Luis Soriano
|
|
Batting: RHB Robert Whitfield
|
0-0: Called Strike 0-1: Ground out 5-3 (Groundball, 56S, EV 83.8 MPH)
|
|
Batting: SHB Michael Frierson
|
0-0: Ball 1-0: Ball 2-0: Ball 3-0: Called Strike 3-1: Ground out U3 (Groundball, 3L, EV 75.0 MPH)
|
|
Batting: RHB Kalvin Adams
|
0-0: Ball 1-0: Called Strike 1-1: Swinging Strike 1-2: Ground out 5-3 (Groundball, 56S, EV 72.5 MPH)
|
| Bottom of the 7th over - 0 runs, 0 hits, 0 errors, 0 left on base; Winter Haven 1 - Daytona Beach 6 |
| TOP OF THE 8TH |
|
Winter Haven Sun Sox batting - Pitching for Daytona Beach Islanders : LHP Richard Herendeen
|
|
Batting: RHB Sam Sorce
|
0-0: Fly out, F8 (Flyball, 89D, EV 96.9 MPH)
|
|
Batting: LHB Don Carter
|
0-0: SINGLE (Groundball, 6S, EV 73.8 MPH) (infield hit)
|
|
Batting: RHB Takashi Upshur
|
0-0: Called Strike 0-1: Swinging Strike 0-2: Strikes out looking
|
|
Batting: RHB Augie Schmidt
|
0-0: Ball 1-0: Ball 2-0: Ball 3-0: Base on Balls Don Carter to second
|
|
Batting: RHB Michael Rupp
|
0-0: Ball 1-0: Called Strike 1-1: Ball 2-1: Ground out U3 (Groundball, 23, EV 82.5 MPH)
|
| Top of the 8th over - 0 runs, 1 hit, 0 errors, 2 left on base; Winter Haven 1 - Daytona Beach 6 |
| BOTTOM OF THE 8TH |
|
Daytona Beach Islanders batting - Pitching for Winter Haven Sun Sox : RHP Luis Soriano
|
|
Batting: LHB Benny Distefano
|
0-0: Ball 1-0: Called Strike 1-1: Called Strike 1-2: Ball 2-2: SINGLE (Groundball, 4D, EV 100.0 MPH)
|
|
Pitching: RHP Tony Vila
|
|
|
Batting: RHB Douglas Wabeke
|
0-0: Called Strike 0-1: Fly out, F6 (Flyball, 6D, EV 91.3 MPH)
|
|
Batting: RHB Gary Kempton
|
0-0: Ball 1-0: SINGLE (Flyball, 3D, EV 99.4 MPH) Benny Distefano to second
|
|
Batting: RHB Jeff Rutledge
|
0-0: Swinging Strike 0-1: Ball 1-1: Ball 2-1: Ball 3-1: Swinging Strike 3-2: Base on Balls Benny Distefano to third Gary Kempton to second
|
|
Batting: RHB Francisco Gonzalez
|
0-0: Ball 1-0: Swinging Strike 1-1: Swinging Strike 1-2: SINGLE (Line Drive, 34D, EV 93.8 MPH) Benny Distefano scores Gary Kempton to third Jeff Rutledge to second
|
|
Batting: RHB Jeffrey Coker
|
0-0: Ground out 5-3 (Groundball, 5S, EV 69.4 MPH) Gary Kempton scores Jeff Rutledge to third Francisco Gonzalez to second
|
|
Pinch Hitting: RHB Don Stricklen
|
0-0: Called Strike 0-1: Ball 1-1: Ball 2-1: Foul Ball, location: 2F 2-2: Ball 3-2: Base on Balls
|
|
Pinch Hitting: LHB Roger Lee
|
0-0: Ball 1-0: SINGLE (Groundball, 34D, EV 96.3 MPH) Jeff Rutledge scores Francisco Gonzalez to third Don Stricklen to second Runner from 3rd tries for Home, SAFE, throw by RF to home
|
|
Pinch Hitting: RHB Tarry Boelter
|
0-0: Ball 1-0: Ground out 4-3 (Groundball, 4, EV 108.8 MPH)
|
| Bottom of the 8th over - 4 runs, 4 hits, 0 errors, 2 left on base; Winter Haven 1 - Daytona Beach 10 |
| TOP OF THE 9TH |
|
Winter Haven Sun Sox batting - Pitching for Daytona Beach Islanders : LHP Richard Herendeen
|
|
Now at 1B: Tarry Boelter
|
|
|
Now at 3B: Don Stricklen
|
|
|
Now in LF: Roger Lee
|
|
|
Batting: RHB Stephen Rhodes
|
0-0: Ball 1-0: Foul Ball, location: 2F 1-1: Fly out, F9 (Flyball, 9D, EV 96.9 MPH)
|
|
Pinch Hitting: SHB Bob Nandin
|
0-0: Called Strike 0-1: Ball 1-1: Swinging Strike 1-2: Foul Ball, location: 2F 1-2: Foul Ball, location: 2F 1-2: Strikes out swinging
|
|
Batting: RHB Tim Carroll
|
0-0: Ball 1-0: Ball 2-0: Called Strike 2-1: Ball 3-1: Called Strike 3-2: Ground out 6-3 (Groundball, 6D, EV 105.6 MPH)
|
| Top of the 9th over - 0 runs, 0 hits, 0 errors, 0 left on base; Winter Haven 1 - Daytona Beach 10 |
|